 Dungeon Crawl Stone Soup version 0.29.1-15-g9cfb28693d (webtiles) character file.

Game seed: 11877569836377942245

11567 croobank the Covert (level 11, -6/75 HPs)
             Began as an Octopode Delver on Feb 23, 2023.
             Was an Initiate of Gozag.
             Mangled by a seven-headed hydra (10 damage)
             ... on level 1 of the Lair of Beasts.
             The game lasted 00:59:36 (15636 turns).

croobank the Covert (Octopode Delver)              Turns: 15636, Time: 00:59:37

Health: -6/75      AC:  1    Str: 11    XL:     11   Next: 79%
Magic:  11/19      EV: 16    Int: 17    God:    Gozag
Gold:   1359       SH:  0    Dex: 14    Spells: 7/21 levels left

rFire   . . .      SeeInvis .   c - +1 dagger (elec)
rCold   + . .      Faith    .   (no shield)
rNeg    . . .      Spirit   .   (helmet currently unavailable)
rPois   .          Reflect  .   n - amulet of magic regeneration
rElec   .          Harm     .   d - +4 ring of slaying
rCorr   +          Rampage  .   H - ring of resist corrosion
Will    .....                   I - ring of protection from cold
Stlth   ++++++....              z - ring of wizardry
HPRegen 0.22/turn               (no ring)
MPRegen 0.56/turn               (no ring)
                                (no ring)
                                (no ring)

@: appendages, wereblooded (expiring), gold aura
A: tentacle spike 3, almost no armour, amphibious, 8 rings, camouflage 1,
gelatinous body 1, (nimble swimmer 1), tentacles
a: End Transformation, Renounce Religion, Potion Petition, Call Merchant, Bribe
Branch


You were on level 1 of the Lair of Beasts.
You worshipped Gozag.
Gozag was most pleased with you.
One of your tentacles had grown a beastly spike.
You visited 3 branches of the dungeon, and saw 13 of its levels.
You also visited: Sewer and Ossuary.

You collected 1596 gold pieces.
You paid 237 gold pieces to Gozag.

Inventory:

Hand Weapons
 a - the +8 mace "Cuso Rischicw" {antimagic, rF++}
   (You found it on level 5 of the Dungeon)

   It reduces the magical energy of the wielder, and disrupts the spells and
   magical abilities of those it strikes.
   Natural abilities and divine invocations are not affected.
   rF:        It greatly protects you from fire.
 b - a +0 sling
 c - a +1 dagger of electrocution (weapon)
 l - a +5 dire flail
 m - a +2 trident of protection
 E - the +6 flail of Laeworu {flame, rElec Int+5}
   (You took it off a kobold on level 10 of the Dungeon)

   It burns those it strikes, dealing additional fire damage.
   Int:       It affects your intelligence (+5).
   rElec:     It insulates you from electricity.
 J - a +5 halberd of freezing
 T - a +3 great sword of freezing
 U - a +2 flail of protection
Missiles
 i - 3 boomerangs of dispersal (quivered)
 o - 26 poisoned darts
 Q - 4 boomerangs
Armour
 S - an orb of mayhem
 Z - a +0 buckler
Magical Staves
 y - a staff of fire
Jewellery
 d - a +4 ring of slaying (left tentacle)
 n - an amulet of magic regeneration (around mantle)
 u - a ring of poison resistance
 z - a ring of wizardry (on tentacle)
 H - a ring of resist corrosion (right tentacle)
 I - a ring of protection from cold (on tentacle)
 R - the ring "Qoerohud" {rF+ Int-3 Slay+4 SInv Stlth-}
   (You found it on level 7 of the Dungeon)

   [ring of protection from fire]

   Int:       It affects your intelligence (-3).
   Slay:      It affects your accuracy & damage with ranged weapons and melee
   (+4).
   rF:        It protects you from fire.
   SInv:      It lets you see invisible.
   Stlth:     It makes you less stealthy.
 W - the ring "Okaa" {Fire Dex+6}
   (You found it on level 8 of the Dungeon)

   [ring of fire]

   It enhances your fire magic.
   Dex:       It affects your dexterity (+6).
   rF:        It protects you from fire.
   rC:        It makes you vulnerable to cold.
Wands
 f - a wand of digging (2)
 g - a wand of flame (24)
 h - a wand of mindburst (16)
 N - a wand of polymorph (7)
 P - a wand of roots (6)
Scrolls
 e - 3 scrolls of teleportation
 k - a scroll of enchant armour
 q - 2 scrolls of fog
 v - a scroll of summoning {unknown}
 w - a scroll of immolation {unknown}
 A - 4 scrolls of vulnerability {unknown}
 B - 2 scrolls of enchant weapon {unknown}
 D - a scroll of poison {unknown}
 F - a scroll of magic mapping
 L - a scroll of identify
 V - 3 scrolls of torment {unknown}
Potions
 j - 3 potions of mutation
 p - 3 potions of lignification
 r - 3 potions of brilliance
 s - 2 potions of might
 t - 3 potions of haste
 x - 6 potions of curing
 C - 2 potions of attraction
 G - a potion of flight
 K - a potion of magic {unknown}
 O - 2 potions of ambrosia {unknown}
 Y - a potion of heal wounds


   Skills:
 + Level 7.1 Fighting
 - Level 3.0(5.0) Axes
 + Level 6.2(6.6) Maces & Flails
 + Level 6.7 Dodging
 + Level 11.2 Stealth
 + Level 1.9 Shields
 + Level 5.5 Spellcasting
 - Level 4.9 Conjurations
 - Level 3.8 Hexes
 * Level 3.3 Translocations
 - Level 3.2 Transmutations
 * Level 5.0 Fire Magic
 - Level 3.7 Air Magic
 - Level 4.5 Poison Magic


You had 7 spell levels left.
You knew the following spells:

 Your Spells              Type           Power      Damage    Failure   Level
a - Magic Dart            Conj           84%        1d7       1%          1
b - Mephitic Cloud        Conj/Pois/Air  19%        N/A       2%          3
c - Beastly Appendage     Tmut           30%        N/A       1%          1
d - Wereblood             Tmut           15%        N/A       2%          2
e - Ignite Poison         Fire/Tmut/Pois 19%        N/A       2%          3
f - Inner Flame           Hex/Fire       19%        N/A       2%          3
g - Apportation           Tloc           32%        N/A       1%          1

Your spell library contained the following spells:

 Spells                   Type           Power      Damage    Failure   Level
 Static Discharge         Conj/Air       19%        3-6/arc   1%          2
 Spider Form              Tmut/Pois      18%        N/A       3%          3
 Call Imp                 Summ           4%         N/A       9%          2
 Cause Fear               Hex            8%         N/A       12%         4
 Lightning Bolt           Conj/Air       9%         1d22      26%         5
 Alistair's Intoxication  Tmut/Pois      12%        N/A       28%         5
 Freezing Cloud           Conj/Ice/Air   7%         6-21      41%         5
 Discord                  Hex            8%         N/A       100%        8
 Maxwell's Capacitive Co  Air            8%         ∞         100%        8


Dungeon Overview and Level Annotations

Branches:
Dungeon (11/15)            Temple (1/1) D:7            Lair (1/5) D:9
  Sewer (visited)         Ossuary (visited)
    Orc: D:9-12

Altars:
Ashenzari
Cheibriados
Dithmenos
Elyvilon
Fedhas
Gozag
Hepliaklqana
Kikubaaqudgha
Makhleb
Nemelex Xobeh
Okawaru
Qazlal
Ru
Sif Muna
Trog
Uskayaw
Vehumet
Wu Jian
Xom
Yredelemnul
Zin
The Shining One

Annotations:
D:3 2 transporters, yourfavgirlally's ghost, weakling NaEn
Lair:1 1 transporter


Innate Abilities, Weirdness & Mutations

One of your tentacles has grown a beastly spike.
You cannot wear most types of armour.
You are amphibious.
You can wear up to eight rings at the same time.
Your skin changes colour to match your surroundings (Stealth+).
Your rubbery body absorbs attacks. (AC +1, EV +1)
((You are camouflaged when in or above water. (Stealth+)))
You have tentacles for arms and can constrict up to eight enemies at once.


Message History

Aiming: Fastroot
Press: ? - help, Shift-Dir - straight line, f/p - seven-headed hydra
Aim: a seven-headed hydra (lightly wounded)
The roots erupt in riotous growth!
Roots grab the seven-headed hydra.
The grasping roots constrict the seven-headed hydra.
The seven-headed hydra bites you!
The seven-headed hydra closely misses you.
The seven-headed hydra completely misses you.
The seven-headed hydra misses you. The seven-headed hydra bites you.
The seven-headed hydra misses you.
The seven-headed hydra closely misses you.
A yak comes into view.
The yak bellows!
You hit the seven-headed hydra.
You pierce the seven-headed hydra!
You squeeze the seven-headed hydra!
The seven-headed hydra is moderately wounded.
Your primal bloodlust is almost over.
The grasping roots constrict the seven-headed hydra.
The seven-headed hydra closely misses you. x2
The seven-headed hydra misses you.
The seven-headed hydra barely misses you.
The seven-headed hydra bites you! The seven-headed hydra bites you.
The seven-headed hydra bites you!
You puncture the seven-headed hydra!
Lightning courses through the seven-headed hydra!
You pierce the seven-headed hydra!
The seven-headed hydra is severely wounded.
The grasping roots constrict the seven-headed hydra!
You hear a bellow!
The roots release their grip on the seven-headed hydra.
The seven-headed hydra misses you. The seven-headed hydra bites you!
* * * LOW HITPOINT WARNING * * *
The seven-headed hydra misses you.
The seven-headed hydra closely misses you.
The seven-headed hydra bites you!
* * * LOW HITPOINT WARNING * * *
The seven-headed hydra bites you!
You die...
Your body crumbles into a pile of gold.

.... ...# #... $
###..$ $ ..#...
##...##### ~
#........## ~.
##....<$#..##...
#.....@DYY..Y..#
#©......Y.......#
#........#$......
###.......$......
#......#.......
##..####.......
#©#.. ......#
.##.. ....... ..
.......


You could see a seven-headed hydra and 4 yaks.

Vanquished Creatures
  3 two-headed ogres
  4 lindwurms (D:8)
  Maurice (D:10)
  A kobold demonologist (D:10)
  A komodo dragon (Lair:1)
  Grinder (D:6)
  10 yaks
  3 steam dragons
  3 water moccasins
  4 orc warriors
  Pargi (Sewer)
  3 ice beasts
  A black bear (D:7)
  4 centaurs
  5 ogres
  4 wolves (Lair:1)
  A phantom (D:6)
  3 kobold brigands
  4 bullfrogs
  5 scorpions
  17 wights
  7 killer bees
  2 howler monkeys (D:10)
  6 orc priests
  2 jellies
  5 iguanas
  6 orc wizards
  Robin (D:2)
  2 river rats (D:3)
  6 adders
  2 ufetubi
  2 worms
  3 dart slugs
  29 orcs
  12 ball pythons
  8 bats
  6 endoplasms
  3 giant cockroaches
  13 goblins
  5 hobgoblins
  4 jackals (D:2)
  3 quokkas
  6 frilled lizards
  9 hobgoblin zombies (Ossuary)
  19 kobolds
  6 kobold zombies (Ossuary)
  5 orc zombies (Ossuary)
  3 rats
254 creatures vanquished.

Vanquished Creatures (collateral kills)
  A killer bee (D:7)
1 creature vanquished.

Vanquished Creatures (others)
  A killer bee (D:7)
  8 plants
9 creatures vanquished.

Grand Total: 264 creatures vanquished

Notes
Turn   | Place    | Note
-------+----------+-------------------------------------------
     0 | D:5      | croobank the Octopode Delver began the quest for the Orb.
     0 | D:5      | Reached XP level 1. HP: 16/16 MP: 1/1
   213 | D:8      | Found a sand-covered staircase.
   239 | Ossuary  | Entered an ossuary
   388 | Ossuary  | Reached XP level 2. HP: 21/21 MP: 2/2
  1286 | D:5      | Reached skill level 7 in Stealth
  1286 | D:5      | Reached XP level 3. HP: 26/26 MP: 3/3
  1391 | D:5      | Noticed a scorpion
  1395 | D:5      | Killed a scorpion
  1396 | D:5      | Reached XP level 4. HP: 32/33 MP: 4/4
  1589 | D:5      | Reached XP level 5. HP: 37/37 MP: 5/5
  1698 | D:5      | Identified the +8 mace "Cuso Rischicw" {antimagic, rF++}
  2041 | D:4      | Reached skill level 1 in Maces & Flails
  2369 | D:4      | Noticed an ogre
  2529 | D:4      | Reached XP level 6. HP: 43/43 MP: 2/6
  2563 | D:3      | Found a glowing drain.
  2579 | Sewer    | Entered a sewer
  2636 | Sewer    | Noticed Pargi
  2717 | Sewer    | Killed Pargi
  2718 | Sewer    | Reached skill level 8 in Stealth
  3786 | D:2      | Identified the +5 ring mail of the Realm of Zot {Str+3}
  3901 | D:2      | Found a faded altar of an unknown god.
  3927 | D:2      | Noticed Robin
  3939 | D:2      | Killed Robin
  3941 | D:2      | Reached XP level 7. HP: 35/49 MP: 2/7
  5123 | D:3      | Found a transporter.
  5126 | D:3      | Found a transporter.
  5132 | D:3      | Noticed yourfavgirlally's ghost (weakling NaEn)
  5216 | D:3      | Learned a level 1 spell: Magic Dart
  5220 | D:3      | Learned a level 3 spell: Mephitic Cloud
  6454 | D:4      | Reached skill level 1 in Spellcasting
  6454 | D:4      | Reached skill level 1 in Conjurations
  6455 | D:4      | Reached skill level 1 in Poison Magic
  6459 | D:4      | Reached skill level 1 in Air Magic
  6706 | D:5      | Reached XP level 8. HP: 54/54 MP: 3/10
  7037 | D:5      | Found a sacrificial altar of Ru.
  7040 | D:5      | Learned a level 1 spell: Beastly Appendage
  7361 | D:6      | Reached skill level 5 in Fighting
  7679 | D:6      | Reached skill level 9 in Stealth
  7844 | D:6      | Noticed Grinder
  7854 | D:6      | Killed Grinder
  7855 | D:6      | Reached XP level 9. HP: 24/61 MP: 4/14
  8887 | D:7      | Reached skill level 5 in Dodging
  9050 | D:7      | Found a basalt altar of Yredelemnul.
  9145 | D:7      | Found a staircase to the Ecumenical Temple.
  9154 | D:7      | Identified the +1 pair of gloves of Compassion {rPois Str+8
                  | Dex+3 Slay-2}
  9201 | Temple   | Entered the Ecumenical Temple
  9243 | Temple   | Became a worshipper of Gozag Ym Sagoz the Greedy
  9455 | D:7      | Reached skill level 1 in Transmutations
  9743 | D:7      | Identified the ring "Qoerohud" {rF+ Int-3 Slay+4 SInv
                  | Stlth-}
  9743 | D:7      | Noticed a +0 dagger
  9745 | D:7      | Noticed a +0 dagger
  9747 | D:7      | Found a hide-covered altar of Uskayaw.
  9907 | D:7      | Found a sparkling altar of Nemelex Xobeh.
 10183 | D:8      | Reached XP level 10. HP: 46/68 MP: 5/16
 10286 | D:8      | Found an ornate altar of the Wu Jian Council.
 10291 | D:8      | Learned a level 2 spell: Wereblood
 10295 | D:8      | Learned a level 3 spell: Ignite Poison
 10333 | D:8      | Noticed a two-headed ogre
 10732 | D:9      | Reached skill level 5 in Maces & Flails
 10735 | D:9      | Noticed a two-headed ogre
 10745 | D:9      | Found a stormy altar of Qazlal.
 11180 | D:8      | Reached skill level 10 in Stealth
 11336 | D:8      | HP: 3/68 [two-headed ogre/+0 dire flail (15)]
 11354 | D:8      | Noticed a lindwurm
 11355 | D:8      | Noticed a lindwurm
 11671 | D:8      | Learned a level 3 spell: Inner Flame
 11871 | D:8      | Noticed a lindwurm
 11913 | D:8      | Noticed a lindwurm
 11917 | D:8      | Killed a two-headed ogre
 11918 | D:8      | Reached skill level 1 in Hexes
 11918 | D:8      | Reached skill level 1 in Fire Magic
 11957 | D:8      | Killed a lindwurm
 11970 | D:8      | Killed a lindwurm
 11977 | D:8      | Killed a lindwurm
 11977 | D:8      | Killed a lindwurm
 11978 | D:8      | Reached skill level 5 in Spellcasting
 11978 | D:8      | Reached XP level 11. HP: 74/74 MP: 8/18
 12149 | D:8      | Learned a level 1 spell: Apportation
 12231 | D:8      | Identified the ring "Okaa" {Fire Dex+6}
 12301 | D:9      | Found an iron altar of Okawaru.
 12388 | D:9      | Found a glowing silver altar of Zin.
 12460 | D:9      | Found a staircase to the Lair.
 13141 | D:9      | Reached skill level 1 in Translocations
 13142 | D:9      | Noticed a two-headed ogre
 13163 | D:9      | Killed a two-headed ogre
 13611 | D:9      | Killed a two-headed ogre
 13852 | D:9      | Found a bloodstained altar of Trog.
 14081 | D:10     | Entered Level 10 of the Dungeon
 14236 | D:10     | Reached skill level 1 in Shields
 14237 | D:10     | Noticed Maurice
 14655 | D:10     | Reached skill level 11 in Stealth
 14892 | D:10     | Identified the +6 flail of Laeworu {flame, rElec Int+5}
 15093 | D:10     | Found a blossoming altar of Fedhas.
 15117 | D:10     | Killed Maurice
 15494 | D:11     | Noticed a two-headed ogre
 15613 | Lair:1   | Entered Level 1 of the Lair of Beasts
 15613 | Lair:1   | Found a transporter.
 15626 | Lair:1   | Noticed a seven-headed hydra
 15630 | Lair:1   | Reached skill level 5 in Fire Magic
 15636 | Lair:1   | Mangled by a seven-headed hydra

Illustrated notes

Levels and vault maps discovered:
D:1:      minmay_arrival_shattered_statue, layout_basic,
          wander_ebering_terrifying_dragon_lair
D:2:      layout_loops_corners, dreamdust_ecumenical_altar_hidden_monk_grotto,
          uniq_robin
D:3:      layout_basic, portal_sewer_entry_a, gammafunk_ghost_gnarly_gnolls
D:4:      layout_gridville, lightli_corner_chamber
D:5:      layout_loops_corners, general_overflow_altar
D:6:      layout_layer_cave, minmay_misc_feat_x, lightli_orcish_oven,
          uniq_grinder
D:7:      layout_loops_corners, nemelex_dance_club_becter,
          dancing_weapons_uskayaw, mainiacjoe_overflow_cross_hatched,
          minmay_temple_entry_overgrown, enter_bailey_3
D:8:      layout_basic, nicolae_overflow_crystal_walls,
          nicolae_ossuary_entry_monument, roderic_roman_lattice,
          minmay_lindwurm_lava
D:9:      layout_long_grid, lemuel_tele_altar,
          mainiacjoe_overflow_catch_the_wave, mainiacjoe_overflow_tiny_flanked,
          lair_entry_dummy
D:10:     layout_roguey, mainiacjoe_overflow_chevrons, uniq_maurice
D:11:     layout_long_grid, fedhas_altar_4, uniq_grum, uniq_erolcha,
          uniq_josephine
Temple:   nicolae_temple_godzebo
Lair:1:   layout_regular_city, gammafunk_ghost_abyssal_escape, st_stairs_10,
          nicolae_quartered_pool_little, amcnicky_mini_pool_medium,
          grunt_megastairs_4

Skill      XL: |  1  2  3  4  5  6  7  8  9 10 11 |
---------------+----------------------------------+-----
Stealth        | 7 8 9 10 11 | 11.2
Axes           | 3 |  3.0
Dodging        | 3 4 5 6 |  6.7
Maces & Flails | 1 2 3 4 5 6 |  6.2
Fighting       | 4 5 6 7 |  7.1
Spellcasting   | 1 3 4 5 |  5.5
Conjurations   | 1 3 4 |  4.9
Poison Magic   | 1 3 4 |  4.5
Air Magic      | 1 2 3 |  3.7
Transmutations | 2 3 |  3.2
Hexes          | 3 |  3.8
Fire Magic     | 3 5 |  5.0
Translocations | 3 |  3.3
Shields        | 1 |  1.9

Action                   |  1- 3 |  4- 6 |  7- 9 | 10-12 || total
-------------------------+-------+-------+-------+-------++-------
Melee: Hand axe          |    47 |     3 |       |       ||    50
       Constrict         |    17 |    16 |    29 |    37 ||    99
       Tentacles         |    10 |    13 |    30 |    43 ||    96
       Mace              |       |    74 |   157 |    46 ||   277
       Punch             |       |       |     5 |     1 ||     6
       Kick              |       |       |    25 |    59 ||    84
       Dagger            |       |       |       |   117 ||   117
 Fire: Sling             |       |       |       |    20 ||    20
Throw: Boomerang         |       |       |       |     1 ||     1
 Cast: Magic Dart        |       |       |    28 |       ||    28
       Beastly Appendage |       |       |    25 |    28 ||    53
       Mephitic Cloud    |       |       |    20 |    42 ||    62
       Inner Flame       |       |       |       |    13 ||    13
       Wereblood         |       |       |       |    19 ||    19
       Apportation       |       |       |       |    23 ||    23
       Ignite Poison     |       |       |       |    18 ||    18
Evoke: Wand              |     7 |    12 |     3 |     5 ||    27
  Use: Potion            |     1 |       |     2 |     3 ||     6
       Scroll            |       |     1 |    13 |     6 ||    20
 Stab: Sleeping          |     2 |    16 |    20 |     1 ||    39
       Distracted        |       |     1 |       |     1 ||     2
       Confused          |       |       |     5 |     2 ||     7
Armor: Skin              |     6 |     7 |     1 |     2 ||    16
Dodge: Dodged            |    27 |    46 |    77 |    96 ||   246
